AoeStats
← BP | Leftraru

Arena

510648802Analyzed
1v1 RM · 19h ago on Oct 2, 2026· 49m 56s· 2 players
Game mode
Random Map
Map size
Tiny (2 player)
Population
200
Speed
Normal
Resources
Standard
Victory
Conquest
Starting age
Dark Age
Ending age
Imperial Age
RankedLock teamsTeams togetherTeam positionsShared explorationLock speedFull tech treeHidden civsTurbo modeCheats
Victory
Defeat
🇧🇷 Khmer · Brazil
619
+16
🇨🇱 Vietnamese · Chile
609
-16
BP | Leftraru
3:18 Loom
10:12 Feudal Age
10:42 Double-Bit Axe
10:38 Horse Collar
14:43 Wheelbarrow
14:21 Gold Mining
17:57 Castle Age
17:23 Stone Mining
17:28 Gold Mining
18:24 Stone Mining
19:43 Stone Shaft Mining
19:12 Heavy Plow
19:23 Bow Saw
19:12 Town Watch
21:18 Hand Cart
21:28 Treadmill Crane
22:10 Ballistics
22:47 Fletching
22:57 Padded Archer Armor
25:54 Bodkin Arrow
26:14 Leather Archer Armor
31:40 Imperial Age
30:40 Heated Shot
31:29 Elite Skirmisher
32:31 Guilds
32:52 Imperial Skirmisher
35:07 Chemistry
34:53 Block Printing
36:01 Two-Man Saw
35:37 Crop Rotation
37:20 Illumination
37:37 Theocracy
37:29 Sanctity
37:07 Herbal Medicine
38:04 Bracer
38:35 Ring Archer Armor
39:11 Thumb Ring
41:59 Elite Rattan Archer
42:16 Onager
FastPluto2877
10:53 Loom
13:43 Feudal Age
15:13 Wheelbarrow
14:30 Double-Bit Axe
14:31 Horse Collar
14:18 Man-at-Arms
16:25 Gold Mining
16:28 Stone Mining
21:44 Castle Age
22:40 Hand Cart
22:35 Long Swordsman
26:24 Bow Saw
25:54 Pikeman
28:36 Gold Shaft Mining
28:27 Heavy Plow
29:33 Elite Skirmisher
35:56 Imperial Age
34:27 Forging
34:20 Scale Mail Armor
34:26 Scale Barding Armor
33:43 Light Cavalry
35:20 Bloodlines
35:11 Husbandry
36:39 Double Crossbow
37:44 Chemistry
36:23 Heavy Scorpion
38:50 Iron Casting
38:37 Chain Barding Armor
38:33 Chain Mail Armor
38:19 Padded Archer Armor
38:11 Fletching
40:00 Plate Barding Armor
41:52 Blast Furnace
40:48 Bodkin Arrow
41:27 Hussar
42:36 Conscription
48:23 Siege Engineers
48:48 Siege Engineers
Connection lost

Rejoining the realm…

Still unreachable

The connection could not be restored.

Session expired

The server has moved on; the page needs a fresh start.